[Event "Early-Titled-Tuesday-Blitz-March-05-2024"]
[Site "Chess.com"]
[Date "2024.03.05"]
[Round "1"]
[White "TheKingDoctor"]
[Black "averageFM"]
[Result "1/2-1/2"]
[WhiteElo "2357"]
[BlackElo "2634"]
[TimeControl "180+1"]
[EndTime "8:07:43 PST"]
[Termination "Game drawn by repetition"]

1. e4 c5 2. c3 d5 3. exd5 Nf6 4. d4 cxd4 5. cxd4 Nxd5 6. Nf3 g6 7. Bc4 Bg7 8. Nc3 Nxc3 9. bxc3 O-O 10. O-O Bg4 11.
h3 Qc7 12. Be2 Bxf3 13. Bxf3 Qxc3 14. Bd2 Qxd4 15. Rb1 Nc6 16. Rxb7 Ne5 17. Be3 Qxd1 18. Bxd1 a5 19. Rxe7 Rfe8 20. Rxe8+ Rxe8 21. Bb3 h5 22. Rc1 Ra8 23. Ba4 Rb8 24. Rc5 Rb1+ 25. Kh2 Nd3 26.
Rxa5 Rb2 27. Ra8+ Kh7 28. Bb3 Be5+ 29. g3 Nxf2 30. Bxf2 Rxf2+ 31. Kg1 Bxg3 32. Ra7 Kg7 33. Rd7 Rf5 34. a4 Kf8 35. Bc4 Ke8 36. Rb7 g5 37. Bb5+ Kf8 38. Be2 h4 39. Rb5 Rxb5 40. Bxb5 Kg7 41. a5 f5 42. a6 Bb8 43. Kg2 Kf6 44. Kf3 Ba7 45. Bd7 Kg6 46. Bc8 Kf6 47. Bd7 Ke5 48.
Bc8 Bb6 49. Bd7 Kf6 50. Bc8 Ke5 51. Bd7 Kf6 52. Bc8 Ke5 1/2-1/2

[Event "Early-Titled-Tuesday-Blitz-March-05-2024"]
[Site "Chess.com"]
[Date "2024.03.05"]
[Round "1"]
[White "goodnigth"]
[Black "Statham_01"]
[Result "0-1"]
[WhiteElo "1978"]
[BlackElo "2532"]
[TimeControl "180+1"]
[EndTime "8:07:43 PST"]
[Termination "Statham_01 won on time"]

1. d4 e6 2. Nf3 b6 3. Bf4 Bb7 4. e3 f5 5. c4 Nf6 6. Nc3 Bb4 7. Qb3 Bxc3+ 8. Qxc3 O-O 9. Be2 d6 10. O-O Nbd7 11. Rad1 Ne4 12. Qc2 Qe7 13. Nd2 g5 14. Bg3 Ndf6 15. Nxe4 Bxe4 16. Qd2 Bb7 17. f3 Rad8 18.
Bd3 Kh8 19. Qc2 h5 20. e4 f4 21. Be1 e5 22. Bc3 c5 23. dxe5 dxe5 24. b3 g4 25. Qb2 Rde8 26. Kh1 g3 27. b4 gxh2 28. bxc5 bxc5 29.
Rb1 Bc8 30. Be2 h4 31. Rfd1 h3 32. Bf1 hxg2+ 33. Bxg2 Nh5 34. Rd5 Qh4 35. Be1 Qg5 36. Rxc5 Rg8 37. Rd1 Bh3 38. Rd2 Rd8 39. Rxe5 Rxd2 40.
Rxg5+ Rxb2 41. Rxh5+ Kg7 42. Bc3+ Kg6 0-1

[Event "Early-Titled-Tuesday-Blitz-March-05-2024"]
[Site "Chess.com"]
[Date "2024.03.05"]
[Round "1"]
[White "DrCeltic"]
[Black "Chopper1905"]
[Result "0-1"]
[WhiteElo "2505"]
[BlackElo "2954"]
[TimeControl "180+1"]
[EndTime "8:07:44 PST"]
[Termination "Chopper1905 won on time"]

1. e4 c5 2. Nf3 Nc6 3. d4 cxd4 4.
Nxd4 e6 5. Nc3 Qc7 6. Be3 a6 7.
Qf3 Bd6 8. O-O-O Be5 9. g3 Nge7 10. Bf4 b5 11. a3 Bb7 12. Bxe5 Nxe5 13. Qe3 Rc8 14. f4 Nc4 15. Bxc4 Qxc4 16. Rhe1 b4 17. axb4 Qxb4 18. Nb3 Bc6 19. Qd4 Qxd4 20. Nxd4 Ba8 21. Na4 Bb7 22. Nb3 f5 23. Nbc5 Bc6 24. Nb6 Rc7 25.
Nc4 O-O 26. exf5 Nxf5 27. Nxa6 Ra7 28. Nb4 Rc8 29. Nxc6 Rxc6 30. b3 d5 31. Ne5 Rca6 32. Nd3 Nd4 33. Kd2 Nf3+ 34. Ke3 Nxe1 35. Rxe1 Ra1 36. Re2 Kf7 37. Ne5+ Kf6 38. Nc6 Rc7 39. Nd4 Rd1 40. h4 Rc3+ 41. Kf2 Rxd4 0-1

[Event "Early-Titled-Tuesday-Blitz-March-05-2024"]
[Site "Chess.com"]
[Date "2024.03.05"]
[Round "1"]
[White "ChessQueen"]
[Black "Schattman"]
[Result "1-0"]
[WhiteElo "2775"]
[BlackElo "2438"]
[TimeControl "180+1"]
[EndTime "8:07:44 PST"]
[Termination "ChessQueen won on time"]

1. Nf3 Nf6 2. g3 g6 3. Bg2 Bg7 4. c4 c6 5. d4 d5 6. O-O O-O 7.
a4 a5 8. Qb3 Na6 9. Na3 Nb4 10.
Bd2 dxc4 11. Nxc4 Be6 12. Ng5 Bd5 13. e4 Bxc4 14. Qxc4 h6 15. Nh3 Qb6 16. Bc3 e6 17. Rad1 Rfd8 18. Nf4 Qa6 19. Qb3 Qb6 20. h4 Ng4 21.
Nxe6 fxe6 22. Qxe6+ Kh7 23. Qxg4 Bxd4 24. h5 c5 25. e5 gxh5 26. Be4+ Kh8 27. Qxh5 Qe6 28.
Bxd4 Rxd4 29. Rxd4 cxd4 30. Bxb7 Rb8 31. Be4 d3 32. Rd1 Rd8 33. Kg2 Rd4 34. Qf3 Kg7 35. Bxd3 Qxe5 36. Be2 Rxd1 37. Bxd1 Qxb2 38. Bb3 Qf6 39.
Qb7+ Kf8 40. Bc4 Qc6+ 41. Qxc6 Nxc6 42. f4 Ke7 43. Kf3 Kf6 44. Ke4 Nb4 45. g4 Nc2 46. Bb3 Nb4 47. Kd4 Na6 48. Kc4 Nb4 49. Bd1 Nc6 50. Kb5 Nd4+ 51. Kxa5 Ne6 52. f5 Nd4 53. Kb6 h5 54. gxh5 Nxf5 55. a5 Nd6 56. a6 Nc8+ 57. Kc7 Na7 58. Be2 Kg5 59. Kb7 1-0

[Event "Early-Titled-Tuesday-Blitz-March-05-2024"]
[Site "Chess.com"]
[Date "2024.03.05"]
[Round "1"]
[White "GaiozNigalidze"]
[Black "Coach_Istvanovszki"]
[Result "0-1"]
[WhiteElo "2694"]
[BlackElo "2429"]
[TimeControl "180+1"]
[EndTime "8:07:44 PST"]
[Termination "Coach_Istvanovszki won on time"]

1. d4 g6 2. c4 Bg7 3. Nc3 d6 4. e4 e5 5. d5 a5 6. g3 Na6 7. Bg2 f5 8. Nf3 h6 9. exf5 gxf5 10.
Nh4 Nf6 11. Ng6 Rg8 12. f4 e4 13. Nh4 Nc5 14. Bh3 Nd3+ 15. Kf1 c6 16. Be3 cxd5 17. Nxd5 Nxd5 18. Qh5+ Ke7 19. cxd5 Bxb2 20. Rd1 Qe8 21. Nxf5+ Bxf5 22. Qxf5 Nc5 23. Bxc5 Qb5+ 24. Kg2 Qe2+ 25. Bf2 Qf3+ 26. Kg1 Qxd1+ 27. Bf1 Qg4 28. Qxe4+ Kf7 29. Kg2 Rae8 30. Qb1 Bf6 31. Qxb7+ Re7 32. Qb3 h5 33. h3 Qxf4 34. Bd3 Be5 35. Rf1 Bf6 36.
Bb1 Qe5 37. Be1 Kg7 38. h4 Kh8 39. Qd3 Reg7 40. Kh3 Qd4 41. Qc2 Qg4+ 42. Kh2 Bxh4 43. Rg1 Bxg3+ 44. Rxg3 Qh4+ 45. Kg2 Qf6 46. Qd3 Rxg3+ 47.
Bxg3 Qg7 48. Kh2 h4 49. Qf3 Qxg3+ 0-1

[Event "Early-Titled-Tuesday-Blitz-March-05-2024"]
[Site "Chess.com"]
[Date "2024.03.05"]
[Round "1"]
[White "Caroexpert"]
[Black "arnash_bauyrzhan"]
[Result "1-0"]
[WhiteElo "2614"]
[BlackElo "2312"]
[TimeControl "180+1"]
[EndTime "8:07:44 PST"]
[Termination "Caroexpert won on time"]

1. Nf3 Nf6 2. d4 d5 3. Bf4 e6 4. e3 Bd6 5. Nbd2 O-O 6. Bd3 c5 7. c3 Qc7 8. Bg5 Nbd7 9. O-O h6 10. Bh4 e5 11. dxe5 Bxe5 12. Nxe5 Qxe5 13. Bg3 Qe7 14. c4 Ne5 15. Be2 Rd8 16. cxd5 Nxd5 17. a3 Nf6 18. Qc2 Bg4 19. f3 Bh5 20. e4 Nc6 21. Nb3 Nd4 22. Nxd4 cxd4 23. Rac1 Bg6 24. Bd3 Nh5 25. Rfd1 Rac8 26.
Qxc8 Rxc8 27. Rxc8+ Kh7 28. Bf2 Nf4 29. Bf1 d3 30. g3 Ne2+ 31. Bxe2 dxe2 32. Re1 f5 33. Rxe2 fxe4 34. fxe4 Qd7 35. Rc1 Qd3 36. Rce1 Qf3 37. Re3 Qg4 38. e5 Be8 39. Re4 1-0

[Event "Early-Titled-Tuesday-Blitz-March-05-2024"]
[Site "Chess.com"]
[Date "2024.03.05"]
[Round "1"]
[White "GM_Huschenbeth"]
[Black "Elsa167"]
[Result "0-1"]
[WhiteElo "2493"]
[BlackElo "2935"]
[TimeControl "180+1"]
[EndTime "8:07:45 PST"]
[Termination "Elsa167 won by resignation"]

1. e4 e6 2. d4 d5 3. Nc3 Bb4 4. Ne2 dxe4 5. a3 Bxc3+ 6. Nxc3 Nc6 7. d5 exd5 8. Qxd5 Nge7 9. Qxe4 Bf5 10. Qa4 O-O 11.
Be3 Nd5 12. O-O-O Nxc3 13. bxc3 Qf6 14. Bd3 Rad8 15. Qf4 Bg6 16. Qxf6 gxf6 17. Bh6 Rfe8 18. Rhe1 Rxe1 19. Rxe1 Bxd3 20. cxd3 Ne5 21. Kc2 Ng4 22. Bf4 Nxf2 23. h3 Rd5 24. c4 Rxd3 25. Bh6 Rd8 26. Re2 Nd3 27. Rd2 Ne1+ 28. Kc3 Rxd2 29. Kxd2 Nxg2 30. Kd3 f5 31. Kd4 f6 32. Kd3 Kf7 33. Ke2 Kg6 34. Bd2 Nh4 35. Kf2 Kf7 36.
Kg3 Ng6 37. Kf3 Ke6 38. Bc3 h5 39. Ke3 a6 40. Kd3 b5 41. c5 c6 42. a4 Nf4+ 43. Ke3 Nd5+ 44. Kd4 Nxc3 45. Kxc3 bxa4 0-1

[Event "Early-Titled-Tuesday-Blitz-March-05-2024"]
[Site "Chess.com"]
[Date "2024.03.05"]
[Round "1"]
[White "FischerKasparow"]
[Black "ExtremeLearner"]
[Result "0-1"]
[WhiteElo "2069"]
[BlackElo "2539"]
[TimeControl "180+1"]
[EndTime "8:07:46 PST"]
[Termination "ExtremeLearner won on time"]

1. e4 e6 2. d4 d5 3. Bd3 dxe4 4. Bxe4 Nf6 5. Bf3 c5 6. Ne2 Be7 7. Be3 O-O 8. O-O Nbd7 9. Nbc3 a6 10. dxc5 Qc7 11. b4 Ne5 12. Ng3 Rd8 13. Qe2 Nxf3+ 14.
Qxf3 Bd7 15. Rad1 Bc6 16. Qe2 Nd5 17. Nxd5 exd5 18. Bd4 Bf8 19. Qg4 Qd7 20. Qxd7 Bxd7 21. Rfe1 a5 22. a3 axb4 23. axb4 Ra2 24. c3 g6 25. Re2 Rda8 26. Rxa2 Rxa2 27. f3 h5 28. Re1 h4 29. Ne2 h3 30. g3 Bh6 31. Nf4 Bxf4 32.
gxf4 Rg2+ 33. Kh1 Bb5 34. Rg1 Rc2 35. Re1 Be2 36. Kg1 Kh7 37. Kf2 Bc4+ 38. Kg3 Be2 39. Kxh3 Bxf3 40. Kg3 Be4 0-1

[Event "Early-Titled-Tuesday-Blitz-March-05-2024"]
[Site "Chess.com"]
[Date "2024.03.05"]
[Round "1"]
[White "HansOnTwitch"]
[Black "nickmatta"]
[Result "1-0"]
[WhiteElo "3113"]
[BlackElo "2525"]
[TimeControl "180+1"]
[EndTime "8:07:47 PST"]
[Termination "HansOnTwitch won on time"]

1. c4 e6 2. Nc3 d5 3. cxd5 exd5 4. d4 c6 5. Bf4 Bf5 6. e3 Nf6 7. Nf3 Bd6 8. Bxd6 Qxd6 9. Nh4 Bg4 10. Qb3 Nbd7 11. h3 Be6 12. Be2 Ne4 13. Nf3 O-O 14.
O-O Rfe8 15. Rfc1 h6 16. Qa3 Qxa3 17. bxa3 Nd6 18. Rab1 Bf5 19. Rb2 b5 20. Nd2 Nb6 21.
a4 Nbc4 22. Nxc4 bxc4 23. Rd1 Rab8 24. Rxb8 Rxb8 25. f3 Rb2 26. Rc1 Bd3 27. Bf1 Nf5 28. e4 Ne3 29. Nd1 Nxd1 30. Rxd1 Bxf1 31. Kxf1 Rxa2 32.
Rb1 Rxa4 33. Ke2 c3 34. Kd3 Rc4 35. Kc2 Rxd4 36. Kxc3 Rc4+ 37. Kd3 a5 38. e5 Kh7 39. g3 Kg6 40. Rb7 a4 41. Ra7 Rb4 42. f4 Kf5 43. Rxf7+ Kg6 44. e6 Rb3+ 45. Kd4 Rxg3 46. f5+ Kh7 47. e7 1-0

[Event "Early-Titled-Tuesday-Blitz-March-05-2024"]
[Site "Chess.com"]
[Date "2024.03.05"]
[Round "1"]
[White "StankovicIvan"]
[Black "Sebastian"]
[Result "1-0"]
[WhiteElo "2510"]
[BlackElo "2924"]
[TimeControl "180+1"]
[EndTime "8:07:47 PST"]
[Termination "StankovicIvan won on time"]

1. e4 c5 2. c4 Nc6 3. Nc3 g6 4. g3 Bg7 5. Bg2 d6 6. Nge2 Nf6 7. d3 O-O 8. Rb1 Nd7 9. O-O Rb8 10. a3 a5 11. Be3 Nd4 12. b4 axb4 13. axb4 b6 14. Qd2 Bb7 15. Bg5 Re8 16. Nxd4 Bxd4 17. Be3 Bg7 18.
f4 Bc6 19. f5 Ne5 20. Nd5 Bxd5 21. exd5 Ra8 22. Be4 Ra3 23. Bf4 Ng4 24. h3 Bd4+ 25. Kg2 Nf6 26. Rfe1 Qa8 27. Re2 Qa4 28. bxc5 bxc5 29.
Bf3 Ra8 30. Rb7 Ra2 31. Qe1 Rxe2+ 32. Qxe2 Re8 33. Rxe7 Rxe7 34. Qxe7 Qc2+ 35. Qe2 Qb1 36. Be3 Qa1 37. fxg6 hxg6 38. h4 Kg7 39. Bf2 Nd7 40.
Bxd4+ Qxd4 41. Qe4 Ne5 42. Qxd4 cxd4 43. Be2 Kf8 44.
g4 Nd7 45. Kg3 Nc5 46. Kf4 Kg7 47. g5 f6 48. Kg4 Kf7 49. Kf4 1-0

[Event "Early-Titled-Tuesday-Blitz-March-05-2024"]
[Site "Chess.com"]
[Date "2024.03.05"]
[Round "1"]
[White "jeetjain"]
[Black "DuleMudule"]
[Result "0-1"]
[WhiteElo "2472"]
[BlackElo "2861"]
[TimeControl "180+1"]
[EndTime "8:07:47 PST"]
[Termination "DuleMudule won on time"]

1. Nf3 d5 2. e3 a6 3. c4 dxc4 4. Bxc4 e6 5. d4 b5 6. Bb3 Bb7 7. Nc3 Nf6 8. O-O Nbd7 9. Re1 c5 10. e4 cxd4 11. Nxd4 Bc5 12. e5 Nxe5 13. Nxe6 Qxd1 14. Nxd1 fxe6 15. Rxe5 Bd6 16. Rxe6+ Kd7 17. Bg5 Ne4 18. Bh4 Nc5 19. Re3 Nxb3 20. axb3 Rhe8 21. Rxe8 Rxe8 22. Ne3 Be5 23. Rd1+ Ke6 24. Re1 Kf7 25. Nf5 g6 26. Nh6+ Kf8 27. Bg3 Bxb2 28. Bd6+ Kg7 29.
Rxe8 Kxh6 30. h4 Kh5 31. Re7 Bd5 32. Rxh7+ Kg4 33. f3+ Kf5 34. g4+ Ke6 35. Bf4 Bxb3 36. h5 gxh5 37. gxh5 a5 38. h6 a4 39. Rb7 Bc4 40.
Rb6+ Kf7 41. h7 a3 42. Rb7+ Kg6 43. Bc1 Bd4+ 44. Kg2 a2 45. Ra7 a1=Q 46. Rxa1 Bxa1 47. h8=Q Bxh8 48. Kf2 Bd4+ 49. Ke1 Kf5 50. Kd2 Kf4 51. Ba3 Kxf3 52. Kc2 Ke4 0-1

[Event "Early-Titled-Tuesday-Blitz-March-05-2024"]
[Site "Chess.com"]
[Date "2024.03.05"]
[Round "1"]
[White "sokidze"]
[Black "Eloist"]
[Result "1-0"]
[WhiteElo "2781"]
[BlackElo "2440"]
[TimeControl "180+1"]
[EndTime "8:07:47 PST"]
[Termination "sokidze won on time"]

1. d4 e6 2. c4 Nf6 3. Nf3 b6 4. g3 Bb7 5. Bg2 Be7 6. O-O O-O 7. h4 c5 8. d5 exd5 9. Nh2 b5 10. cxd5 d6 11. e4 Nbd7 12. g4 c4 13. Nc3 b4 14.
Ne2 Ne5 15. Nd4 Nfd7 16. g5 Re8 17. Be3 Nc5 18. Nf5 Bf8 19. Bxc5 dxc5 20. Ne3 Ba6 21. Qa4 Qb6 22. Rfd1 Nd3 23. Qc2 Nf4 24. Nxc4 Bxc4 25. Qxc4 Bd6 26. Ng4 Ng6 27. h5 Ne5 28. Nxe5 Bxe5 29. Rab1 h6 30. Qc1 Qd6 31. gxh6 Bf4 32. Qc2 Qxh6 33. Qxc5 Qxh5 34. Qxb4 Rab8 35. Qc3 Rb6 36. Qf3 Qh2+ 37. Kf1 Rh6 38. Ke2 Qh4 39. Rh1 Qg5 40. Rxh6 Qxh6 41. Rh1 Qa6+ 42. Ke1 1-0

[Event "Early-Titled-Tuesday-Blitz-March-05-2024"]
[Site "Chess.com"]
[Date "2024.03.05"]
[Round "1"]
[White "thesupera12"]
[Black "ChessBrainiacOnTwitch"]
[Result "1/2-1/2"]
[WhiteElo "2469"]
[BlackElo "2837"]
[TimeControl "180+1"]
[EndTime "8:07:48 PST"]
[Termination "Game drawn - insufficient material"]

1. Nf3 Nf6 2. d4 e6 3. Bg5 h6 4.
Bxf6 Qxf6 5. e3 b6 6. c4 Bb7 7.
Nc3 Bb4 8. Be2 O-O 9. Qb3 Qe7 10. O-O a5 11. a3 Bxc3 12. Qxc3 d6 13. b4 Nd7 14. Nd2 e5 15. Bf3 e4 16. Be2 f5 17.
Rab1 axb4 18. axb4 f4 19. d5 Rae8 20. exf4 Rxf4 21.
Nb3 Ne5 22. Nd4 Bc8 23. Rbc1 Ref8 24. c5 Qg5 25. cxd6 Nf3+ 26. Bxf3 exf3 27. g3 Qg4 28. Nxf3 Rxf3 29. Qxc7 Ba6 30. d7 Bxf1 31. d8=Q Rxd8 32. Qxd8+ Rf8 33. Qxb6 Bh3 34. Qe6+ Qxe6 35. dxe6 Bxe6 36. b5 Rb8 37. Rc5 Rb6 38. f3 Bd7 39. Kf2 Bxb5 40. Ke3 Kf8 41. g4 Be8 42. Kf4 Ke7 43. Rc7+ Bd7 44. Rc3 g5+ 45. Kg3 Kf6 46. h4 Rb1 47. Rd3 Be6 48. hxg5+ hxg5 49. f4 Rg1+ 50. Kf2 Rxg4 51. fxg5+ Kxg5 52. Rg3 Kf4 53. Rxg4+ Bxg4 1/2-1/2

[Event "Early-Titled-Tuesday-Blitz-March-05-2024"]
[Site "Chess.com"]
[Date "2024.03.05"]
[Round "1"]
[White "Yeritsyaan"]
[Black "ZuraTqebuchava"]
[Result "1-0"]
[WhiteElo "2586"]
[BlackElo "2253"]
[TimeControl "180+1"]
[EndTime "8:07:48 PST"]
[Termination "Yeritsyaan won on time"]

1. c4 g6 2. g3 Bg7 3. Bg2 c5 4. Nc3 Nc6 5. e3 Nf6 6. Nge2 O-O 7. O-O d6 8. d4 cxd4 9. Nxd4 Nxd4 10. exd4 Rb8 11. h3 Be6 12. b3 Qd7 13. Kh2 h5 14.
Be3 d5 15. c5 b6 16. b4 bxc5 17. bxc5 Rb2 18. Qc1 Rfb8 19. Bf4 R8b4 20. a3 R4b3 21. Nd1 Re2 22. Rb1 Qb5 23. Nc3 Rxb1 24. Nxb5 Rxc1 25.
Rxc1 Rxf2 26. c6 Rb2 27. Nxa7 Ne4 28. c7 Bxd4 29. c8=Q+ Bxc8 30. Nxc8 e5 31. Bh6 Ra2 32. Ne7+ Kh7 33. Bf8 Nd2 34. Nxd5 e4 35. Kh1 h4 36. gxh4 e3 37. Bb4 e2 38. Nf4 Nb3 39. Re1 Be5 40.
Nxe2 Nd4 41. Nxd4 Bxd4 42. Rd1 Be5 43. Bd5 Kg7 44. Bxa2 1-0

[Event "Early-Titled-Tuesday-Blitz-March-05-2024"]
[Site "Chess.com"]
[Date "2024.03.05"]
[Round "1"]
[White "zsizsi99"]
[Black "ChessLover0108"]
[Result "0-1"]
[WhiteElo "2508"]
[BlackElo "2963"]
[TimeControl "180+1"]
[EndTime "8:07:49 PST"]
[Termination "ChessLover0108 won by resignation"]

1. e4 c5 2. Nf3 d6 3. d4 cxd4 4. Nxd4 Nf6 5. Nc3 a6 6. Be3 e5 7. Nf3 Qc7 8. Bg5 Nbd7 9. a4 b6 10. Bd3 Bb7 11. O-O Be7 12. Qe2 O-O 13. Rad1 Rfd8 14.
Bc4 h6 15. Bxf6 Nxf6 16. Nd5 Bxd5 17. Bxd5 Rab8 18. Qxa6 Qxc2 19. Qb5 Nxd5 20. Rxd5 Qxe4 21. Nd2 Qc2 22. Nc4 Rdc8 23. Nxd6 Bxd6 24. Rxd6 Rc5 25.
Qb4 Rc4 26. Qb5 Qxa4 27. Qxe5 Qb4 28. Rxh6 Rbc8 29. Rd6 Rc1 30. Rdd1 R1c2 31. Qf5 Qxb2 32. Rd7 Qb3 33. Rb7 Rc1 34. g3 Rxf1+ 35. Kxf1 Qc4+ 36. Kg2 g6 37. Qf6 b5 38. Qf4 Qd5+ 39. Qf3 Qc4 40. Rb6 b4 41. Qf4 Qd5+ 42. Kh3 Qd7+ 43. Kg2 Qd5+ 44.
Kh3 Rc4 45. Qb8+ Kg7 46. Rxb4 Qf5+ 47. Kg2 Qe4+ 48. Kh3 Rxb4 0-1

[Event "Early-Titled-Tuesday-Blitz-March-05-2024"]
[Site "Chess.com"]
[Date "2024.03.05"]
[Round "1"]
[White "Gryffindorac8"]
[Black "PepeCuenca"]
[Result "0-1"]
[WhiteElo "2399"]
[BlackElo "2701"]
[TimeControl "180+1"]
[EndTime "8:07:49 PST"]
[Termination "PepeCuenca won by resignation"]

1. d4 Nf6 2. c4 g6 3. Nc3 Bg7 4. e4 d6 5. Nf3 O-O 6. h3 e5 7.
d5 Nh5 8. g3 Na6 9. Be2 f5 10.
exf5 gxf5 11. Ng5 Nf6 12. g4 Qe7 13. gxf5 Bxf5 14. Be3 Nc5 15. Qd2 h6 16. Bxc5 dxc5 17. Ne6 Bxe6 18. dxe6 Rad8 19. Qe3 Qxe6 20. Qxc5 e4 21. Rd1 c6 22. Rg1 Kh8 23. Bg4 Qf7 24.
Bf5 Rxd1+ 25. Nxd1 Qc7 26. Bg6 Qh2 27. Rf1 Qxh3 28. Ne3 Ng4 29. Bf5 Qh5 30. Nxg4 Qxf5 31. Qxf5 Rxf5 32. Ne3 Rf3 33. b3 Bd4 34. Ke2 Bxe3 35.
fxe3 Rxf1 36. Kxf1 Kg7 37. Kg2 Kg6 38. Kg3 Kg5 39.
b4 h5 40. a3 h4+ 41. Kh3 Kh5 42. a4 Kg5 43. c5 a6 44. Kg2 Kg4 45. Kh2 Kf3 0-1

[Event "Early-Titled-Tuesday-Blitz-March-05-2024"]
[Site "Chess.com"]
[Date "2024.03.05"]
[Round "1"]
[White "Vaathi_Coming"]
[Black "ajeale2"]
[Result "1-0"]
[WhiteElo "2890"]
[BlackElo "2479"]
[TimeControl "180+1"]
[EndTime "8:07:50 PST"]
[Termination "Vaathi_Coming won on time"]

1. Nf3 d5 2. g3 Nf6 3. Bg2 e6 4. c4 Be7 5. O-O O-O 6. b3 d4 7.
e3 c5 8. exd4 cxd4 9. Re1 Nc6 10. d3 a5 11. a3 Bd6 12. Bg5 h6 13. Bxf6 Qxf6 14. Nbd2 Qd8 15. Qc2 e5 16. c5 Bc7 17.
Nc4 Re8 18. Nfd2 f5 19. b4 axb4 20. axb4 Rxa1 21. Rxa1 Nxb4 22. Qb3 Nc6 23. Nd6+ Be6 24. Qxb7 Na5 25. Qb5 Rf8 26. Rxa5 Bxa5 27. Nb7 Qg5 28. Qxa5 f4 29. c6 fxg3 30. hxg3 h5 31. Nc5 Bf5 32.
Nce4 Qg6 33. c7 h4 34. Qxe5 hxg3 35. Qxg3 Qf7 36. Nc4 Be6 37. Ng5 Qf6 38. Nxe6 Qxe6 39. Be4 Qd7 40. Qe5 Qf7 41. Bd5 1-0

[Event "Early-Titled-Tuesday-Blitz-March-05-2024"]
[Site "Chess.com"]
[Date "2024.03.05"]
[Round "1"]
[White "Meri-Arabidze"]
[Black "RamonManon0g"]
[Result "1-0"]
[WhiteElo "2717"]
[BlackElo "2419"]
[TimeControl "180+1"]
[EndTime "8:07:50 PST"]
[Termination "Meri-Arabidze won on time"]

1. d4 Nf6 2. c4 g6 3. Nc3 d5 4. Nf3 Bg7 5. cxd5 Nxd5 6. e4 Nxc3 7. bxc3 c5 8. Bc4 O-O 9. O-O Bg4 10. Be3 Nc6 11. e5 Bxf3 12. gxf3 Qa5 13. f4 Rad8 14. d5 Qxc3 15. Rc1 Qa3 16. Qb3 Qxb3 17. Bxb3 Na5 18. Rxc5 Nxb3 19. axb3 b6 20. Rc7 Rxd5 21. Rxa7 Rb5 22.
Rb1 e6 23. Rb7 Bh6 24. b4 Rc8 25. Kg2 Rc4 26. Rxb6 Rxb6 27. Bxb6 Bxf4 28. Be3 Bxe5 29. b5 Rc7 30. b6 Rb7 31. Rb5 Bd6 32. Ra5 Kg7 33.
Ra7 Rb8 34. Rd7 Be5 35. b7 Kf6 36. Ba7 Re8 37. Bb6 Rb8 38. Ba7 Re8 39. h4 h6 40.
Kf3 Bb8 41. Bxb8 Rxb8 42. Ke4 h5 43. f4 Kg7 44. Ke5 Kf8 45. Kd6 Ke8 46. Re7+ Kf8 47. Rc7 Rd8+ 48. Kc6 1-0

[Event "Early-Titled-Tuesday-Blitz-March-05-2024"]
[Site "Chess.com"]
[Date "2024.03.05"]
[Round "1"]
[White "Firouzja2003"]
[Black "Manukyan_Artak"]
[Result "1-0"]
[WhiteElo "3218"]
[BlackElo "2526"]
[TimeControl "180+1"]
[EndTime "8:07:51 PST"]
[Termination "Firouzja2003 won on time"]

1. e4 c6 2. d4 d5 3. e5 Bf5 4. Nf3 e6 5. Be2 c5 6. Be3 Qb6 7. Nc3 Qxb2 8. Nb5 Na6 9. c3 c4 10. a4 Qc2 11. O-O Qxd1 12. Bxd1 h6 13. a5 O-O-O 14. Nxa7+ Kb8 15. Nb5 g5 16. h4 g4 17.
Nh2 h5 18. Re1 Ne7 19. Bg5 Rd7 20. Nd6 Bg6 21. Ne8 Nc6 22. Nf6 Rc7 23. Nf1 Bh6 24. Bxh6 Rxh6 25. Ng3 Ka7 26. f3 gxf3 27. Bxf3 Re7 28.
Ngxh5 Bxh5 29. Bxh5 Nc7 30. g4 Nb5 31. Re3 Ka6 32.
Ng8 Rxh5 33. gxh5 Re8 34. Nf6 Rh8 35. Kf2 Ne7 36. Ke2 Nf5 37. Rh3 Na7 38. Nd7 Nc6 39.
Nc5+ Ka7 40. Nd7 Rxh5 41. Rah1 Nxa5 42. Nf6 Rh8 43. h5 b5 44. h6 b4 45. Kd2 Nb3+ 46. Kc2 bxc3 47. Kxc3 Nbxd4 48. h7 Nc6 49. Rg1 Nxe5 50.
Rg8 d4+ 51. Kb4 Ng6 52. Rxh8 Nxh8 53. Kxc4 e5 54. Kd5 Ne3+ 55. Kxe5 Nc2 56. Ke4 Kb6 57. Rh2 Nb4 58. Kxd4 Nc6+ 59. Ke4 Ne7 60. Rd2 Neg6 61. Rd8 Kc7 62. Re8 Kd6 63. Kf5 Ne7+ 64. Kg5 Neg6 65. Kh6 1-0

[Event "Early-Titled-Tuesday-Blitz-March-05-2024"]
[Site "Chess.com"]
[Date "2024.03.05"]
[Round "1"]
[White "Juicy_Fork"]
[Black "Canal_Showdrez"]
[Result "1-0"]
[WhiteElo "2531"]
[BlackElo "1975"]
[TimeControl "180+1"]
[EndTime "8:07:51 PST"]
[Termination "Juicy_Fork won by resignation"]

1. e4 c5 2. Nf3 Nc6 3. d4 cxd4 4. Nxd4 Nf6 5. Nc3 d6 6. Bg5 Nxd4 7. Qxd4 e6 8.
O-O-O Be7 9. Qd2 a6 10. f4 b5 11. e5 dxe5 12. Qe3 Qc7 13. fxe5 Ng4 14. Qf4 Bxg5 15.
Qxg5 Qxe5 16. Qxg4 Bb7 17. Bd3 O-O 18. Rde1 Qc5 19.
Ne4 Qd4 20. Qh4 f5 21. c3 Qa4 22. Bc2 Qxa2 23. Ng5 h6 24. Nxe6 Qa1+ 25. Bb1 Rf6 26.
Nd4 b4 27. Nb3 Qa4 28. Qxb4 Qxb4 29. cxb4 Rc8+ 30. Nc5 a5 31. Kd2 Rd6+ 32. Ke3 Re8+ 33. Kf4 Red8 34. Nxb7 Rd4+ 35. Kf3 Rb8 36. Nc5 Rbxb4 37. Re7 Rf4+ 38. Ke3 Kf8 39. Ne6+ Kxe7 40. Nxf4 g5 41. Nd5+ Kd6 42. Nxb4 f4+ 43. Kf3 axb4 44.
Rd1+ Kc5 45. Kg4 Kc4 46. Bc2 b3 47. Bxb3+ Kxb3 48. Kh5 Kxb2 49. Rd6 Kc2 50. Kxh6 g4 51. Rf6 f3 52. gxf3 g3 53. hxg3 1-0

[Event "Early-Titled-Tuesday-Blitz-March-05-2024"]
[Site "Chess.com"]
[Date "2024.03.05"]
[Round "1"]
[White "Qvalda"]
[Black "PavelShkapenko"]
[Result "1/2-1/2"]
[WhiteElo "2441"]
[BlackElo "2741"]
[TimeControl "180+1"]
[EndTime "8:07:53 PST"]
[Termination "Game drawn - insufficient material"]

1. d4 Nf6 2. c4 e6 3. Bf4 Bb4+ 4.
Nd2 b6 5. a3 Bxd2+ 6. Qxd2 Bb7 7.
f3 c5 8. dxc5 bxc5 9. Bd6 Qb6 10. e4 Nc6 11. e5 Ng8 12. b4 cxb4 13. axb4 Qd4 14. Qxd4 Nxd4 15. Bd3 Ne7 16. Ne2 Ndf5 17. Bc5 Ng6 18. Bxf5 exf5 19. Bd6 f6 20. exf6 gxf6 21. Nd4 Kf7 22. Nxf5 Ke6 23. Ra5 Ne5 24. Bxe5 fxe5 25. Ne3 a6 26. Kf2 Rab8 27. Re1 d6 28. c5 d5 29. Ng4 e4 30. fxe4 dxe4 31. c6 Bc8 32.
Rxe4+ Kd6 33. Rc5 Rxb4 34. Rxb4 Kxc5 35. Rb8 Kxc6 36. Ne3 Rf8+ 37. Ke1 Kc7 38. Rb4 Bb7 39. Rh4 Rf7 40. g3 Bc6 41. Kd2 Bb5 42. Nc2 a5 43. Kc3 Kb6 44. Nd4 Rc7+ 45. Kb3 a4+ 46. Ka3 Rc3+ 47. Kb2 Rc4 48. Rh6+ Ka5 49. Nxb5 Kxb5 50. Rxh7 Re4 51. Rb7+ Kc4 52. Ka3 Re2 53. Rc7+ Kd3 54.
Kxa4 Rxh2 55. Kb5 Ke4 56. Rg7 Kf5 57. g4+ Kf4 58. Rg8 Rg2 59. Kc5 Rxg4 60. Rxg4+ Kxg4 1/2-1/2

[Event "Early-Titled-Tuesday-Blitz-March-05-2024"]
[Site "Chess.com"]
[Date "2024.03.05"]
[Round "1"]
[White "IngOscarArdila"]
[Black "SashaKuzhilniy"]
[Result "0-1"]
[WhiteElo "2333"]
[BlackElo "2632"]
[TimeControl "180+1"]
[EndTime "8:07:53 PST"]
[Termination "SashaKuzhilniy won on time"]

1. d4 g6 2. c4 Bg7 3. Nf3 d6 4.
Nc3 Nd7 5. e3 e5 6. Be2 Ngf6 7.
Qc2 O-O 8. O-O Re8 9. dxe5 dxe5 10. Rd1 c6 11. b3 Qc7 12. Ba3 Nf8 13. Bd6 Qa5 14.
b4 Qb6 15. Na4 Qa6 16. c5 b5 17. cxb6 Qb7 18. bxa7 Bf5 19. Qc4 N8d7 20. Nc5 Qxa7 21.
Ng5 Nb6 22. Qb3 e4 23. Bc4 Nfd5 24. Rac1 h6 25. Nh3 Nxc4 26. Qxc4 Qxa2 27. Nf4 Qxc4 28.
Rxc4 Nc3 29. Re1 Ra2 30. h3 h5 31. Nb7 Ra6 32. Na5 Bd7 33. Ne2 Nxe2+ 34. Rxe2 c5 35. Bxc5 Bb5 36. Rec2 Bxc4 37. Nxc4 Ra1+ 38. Kh2 h4 39.
Bd6 Rb1 40. Na3 Rb3 41. Nb5 Rd8 42. Rc4 Rxd6 43. Nxd6 Be5+ 44. g3 hxg3+ 45. fxg3 Rb2+ 46. Kg1 Bxd6 47. Rxe4 Rxb4 48. Kg2 Rxe4 0-1